 Dungeon Crawl Stone Soup version 0.20.0-15-g7f486f2 (webtiles) character file.

149 kuniqs the Covered (level 5, -2/33 HPs)
             Began as a Gargoyle Fighter on June 10, 2017.
             Was an Initiate of Okawaru.
             Slain by kuniqs's ghost (9 damage)
             ... on level 4 of the Dungeon.
             The game lasted 00:03:15 (2388 turns).

kuniqs the Covered (Gargoyle Fighter)               Turns: 2388, Time: 00:03:16

Health: -2/33      AC: 11    Str: 20    XL:     5   Next: 31%
Magic:  5/5        EV:  8    Int:  8    God:    Okawaru [......]
Gold:   115        SH:  9    Dex: 10    Spells: 4/4 levels left

rFire    . . .     SeeInvis .   s - +0 mace
rCold    . . .     Gourm    .   c - +0 shield
rNeg     + . .     Faith    .   b - +0 scale mail
rPois    ∞         Spirit   .   (no helmet)
rElec    +         Reflect  .   (no cloak)
rCorr    .         Harm     .   (no gloves)
MR       .....                  (no boots)
Stlth    ..........             (no amulet)
Regen    0.2/turn               (no ring)
MPRegen  0.1/turn               (no ring)

@: no status effects
A: negative energy resistance 1, electricity resistance, unbreathing,
petrification resistance, rot immunity, AC +4
a: Renounce Religion


You were on level 4 of the Dungeon.
You worshipped Okawaru.
Okawaru was noncommittal.
You were not hungry.

You visited 1 branch of the dungeon, and saw 4 of its levels.

You collected 115 gold pieces.

Inventory:

Hand Weapons
 a - a +0 flail
 s - a +0 mace (weapon)
Missiles
 g - 5 tomahawks (quivered)
Armour
 b - a +0 scale mail (worn)
 c - a +0 shield (worn)
Scrolls
 e - a scroll of blinking {unknown}
 j - a scroll of magic mapping {unknown}
 k - 3 scrolls of identify {unknown}
 l - a scroll of fear {unknown}
 m - 2 scrolls of remove curse {unknown}
 q - a scroll of amnesia {unknown}
 t - a scroll of enchant armour {unknown}
 u - a scroll of recharging {unknown}
Potions
 h - a potion of degeneration {unknown}
 i - 2 potions of might
 n - 2 potions of heal wounds {unknown}
 o - 3 potions of curing {@q1}
 p - a potion of invisibility {unknown}
 r - 2 potions of agility {unknown}
Comestibles
 d - 7 bread rations
 f - 4 fruits
 v - 2 chunks of flesh


   Skills:
 + Level 3.8 Fighting
 + Level 3.0 Maces & Flails
 + Level 1.2 Throwing
 + Level 4.0 Armour
 + Level 1.3 Dodging
 + Level 3.8 Shields
 + Level 0.4 Invocations


You had 4 spell levels left.
You didn't know any spells.

Dungeon Overview and Level Annotations

Branches:
Dungeon (4/15)
 Temple: D:4-7

Altars:
Ashenzari
Elyvilon
Gozag
Okawaru
Trog

Annotations:
D:3 kuniqs's ghost, amateur GrFi
D:4 kuniqs's ghost, novice GrFi


Innate Abilities, Weirdness & Mutations

You are resistant to torment.
Your stone body is resilient. (AC +4)
You are immune to poison.
You resist negative energy. (rN+)
You are resistant to electric shocks. (rElec)
You can survive without breathing.
You are immune to petrification.
You are immune to rotting.


Message History

Kuniqs's ghost says, "I am invincible!"
Kuniqs's ghost misses you.
You hit kuniqs's ghost but do no damage.
Kuniqs's ghost is moderately damaged.
Kuniqs's ghost completely misses you.
You hit kuniqs's ghost but do no damage.
Kuniqs's ghost is moderately damaged.
Kuniqs's ghost hits you but does no damage.
You block kuniqs's ghost's attack.
Your shield prevents you from hitting kuniqs's ghost.
Kuniqs's ghost is moderately damaged.
Kuniqs's ghost hits you but does no damage.
You hit kuniqs's ghost but do no damage.
Kuniqs's ghost is lightly damaged.
Kuniqs's ghost hits you!
* * * LOW HITPOINT WARNING * * *
You hit kuniqs's ghost but do no damage.
Kuniqs's ghost is lightly damaged.
You block kuniqs's ghost's attack. Kuniqs's ghost hits you!
You die...

#...............
#.#.....########
#.#......#
#.#.#..#.# #
#....#.#
#....#.#
#.#.##.###
#####.#(.....#
........@#.#.#
.#######W#.#
#.......#
#.####..#
#.####..#
#....#..#
####.#..#
#....#...
#.#..#.###


You could see kuniqs's ghost.

Vanquished Creatures
  A howler monkey (D:4)
  Natasha (D:2)
  2 adders (D:2)
  An ooze (D:1)
  A worm (D:2)
  4 dart slugs
  A leopard gecko (D:2)
  An orc (D:4)
  9 bats
  3 giant cockroaches
  3 hobgoblins (D:1)
  4 jackals (D:1)
  8 kobolds
  3 frilled lizards
  11 goblins
  2 rats
55 creatures vanquished.

Notes
Turn   | Place    | Note
-------+----------+-------------------------------------------
     0 | D:1      | kuniqs the Gargoyle Fighter began the quest for the Orb.
     0 | D:1      | Reached XP level 1. HP: 14/14 MP: 1/1
   146 | D:1      | Reached XP level 2. HP: 16/19 MP: 2/2
   314 | D:1      | Reached XP level 3. HP: 19/23 MP: 3/3
   977 | D:2      | Reached skill level 1 in Throwing
   977 | D:2      | Reached XP level 4. HP: 29/29 MP: 4/4
  1057 | D:2      | Found a white marble altar of Elyvilon.
  1107 | D:2      | Noticed Natasha
  1116 | D:2      | Killed Natasha
  1327 | D:2      | Reached skill level 1 in Dodging
  1605 | D:2      | Found an opulent altar of Gozag.
  2063 | D:3      | Found an iron altar of Okawaru.
  2063 | D:3      | Found a bloodstained altar of Trog.
  2064 | D:3      | Found a shattered altar of Ashenzari.
  2070 | D:3      | Became a worshipper of Warmaster Okawaru
  2161 | D:3      | Noticed kuniqs's ghost (amateur GrFi)
  2178 | D:4      | Reached skill level 4 in Armour
  2178 | D:4      | Reached XP level 5. HP: 29/33 MP: 5/5
  2207 | D:4      | Noticed kuniqs's ghost (novice GrFi)
  2388 | D:4      | Slain by kuniqs's ghost

Skill      XL: |  1  2  3  4 |
---------------+-------------+-----
Throwing       | 1 |  1.2
Dodging        | 1 |  1.3
Maces & Flails | 3 |  3.0
Armour         | 4 |  4.0
Fighting       | |  3.8
Shields        | |  3.8
Invocations    | |  0.4

Action                   |  1- 3 |  4- 6 || total
-------------------------+-------+-------++-------
Melee: Flail             |   141 |    65 ||   206
       Mace              |       |    38 ||    38
  Eat: Chunk             |     1 |     4 ||     5
Armor: Scale mail        |   113 |    43 ||   156
Dodge: Dodged            |    71 |    24 ||    95
Block: Shield            |    88 |    55 ||   143
